 Dungeon Crawl Stone Soup version 0.19-a0-593-gf2cdb02 (webtiles) character file.

73131 nubinia the Eclecticist (level 15, -2/90 HPs)
             Began as a High Elf Fire Elementalist on June 10, 2016.
             Was a High Priest of Ashenzari.
             Slain by a black mamba (9 damage)
             ... on level 6 of the Lair of Beasts.
             The game lasted 03:14:09 (32864 turns).

nubinia the Eclecticist (HEFE)                     Turns: 32864, Time: 03:14:10

Health: -2/90      AC:  8    Str:  9    XL:     15   Next: 3%
Magic:  23/44      EV: 27    Int: 24    God:    Ashenzari [*****.]
Gold:   1430       SH:  0    Dex: 22    Spells: 11 memorised, 15 levels left

rFire  + . .     SeeInvis +     W - +7 mace "Resufrih" {elec, *Confuse rElec rPois rF+} (curse)
rCold  . . .     Gourm    .     F - -1 animal skin (curse)
rNeg   . . .     Faith    .     (no shield)
rPois  +         Spirit   .     T - +0 helmet (curse)
rElec  +         Dismiss  +     w - +1 cloak (curse)
rCorr  .         Reflect  .     a - +2 pair of gloves {Dex+3} (curse)
SustAt .         Harm     .     h - +0 pair of boots {Fly} (curse)
MR     +....     Clarity  +     o - amulet of dismissal (curse)
Stlth  +++++.....               y - +3 ring of evasion (curse)
                                q - ring of magical power (curse)

@: flying, repel missiles, somewhat resistant to hostile enchantments, quite
stealthy
A: strong 1
a: Curse Item, Scrying, Transfer Knowledge, Renounce Religion, Stop Flying


You were on level 6 of the Lair of Beasts.
You worshipped Ashenzari.
Ashenzari was extremely pleased with you.
You were hungry.

You visited 4 branches of the dungeon, and saw 21 of its levels.
You also visited: Labyrinth and Sewer.

You collected 2186 gold pieces.
You spent 756 gold pieces at shops.

Inventory:

Hand Weapons
 b - the +1 morningstar of the Cup {elec, rPois SInv Stlth+}
   (You found it in a labyrinth)

   Occasionally, upon striking a foe, it will discharge some electrical energy
   and cause terrible harm.
   It protects you from poison.
   It lets you see invisible.
   It makes you more stealthy.
 E - a +4 rapier of protection
 W - the cursed +7 mace "Resufrih" (weapon) {elec, *Confuse rElec rPois rF+}
   (You found it on level 4 of the Lair of Beasts)

   Occasionally, upon striking a foe, it will discharge some electrical energy
   and cause terrible harm.
   It protects you from fire.
   It insulates you from electricity.
   It protects you from poison.
   It may confuse you when you take damage.
   It has a curse placed upon it.
Armour
 a - a cursed +2 pair of gloves of dexterity (worn)
 h - a cursed +0 pair of boots of flying (worn)
 n - the +1 leather armour "Tiopo" {rN+ MR+ rCorr}
   (You took it off a minotaur in a labyrinth)

   It protects you from negative energy.
   It affects your resistance to hostile enchantments.
   It protects you from acid and corrosion.
 t - the cursed +0 pair of gloves "Eletorif" {*Confuse rF+ Dex+5}
   (You found it on level 1 of the Lair of Beasts)

   It affects your dexterity (+5).
   It protects you from fire.
   It may confuse you when you take damage.
   It has a curse placed upon it.
 w - a cursed +1 cloak (worn)
 F - a cursed -1 animal skin (worn)
 I - a cursed +1 cloak of invisibility
 T - a cursed +0 helmet (worn)
Jewellery
 l - the ring "Becixev" {rN+ Str+2 Int+2 Dex+2 Stlth+}
   (You found it on level 2 of the Lair of Beasts)

   [ring of positive energy]

   It affects your strength (+2).
   It affects your intelligence (+2).
   It affects your dexterity (+2).
   It protects you from negative energy.
   It makes you more stealthy.
 o - a cursed amulet of dismissal (around neck)
 q - a cursed ring of magical power (left hand)
 u - the ring of Mothifyi {rPois rF+ rC+}
   (You found it on level 11 of the Dungeon)

   [ring of poison resistance]

   It protects you from fire.
   It protects you from cold.
   It protects you from poison.
 y - a cursed +3 ring of evasion (right hand)
Wands
 r - a wand of iceblast (4/15)
 x - a wand of teleportation (2/9)
 L - a wand of lightning (6/15)
 M - a wand of hasting (2/9)
 Q - a wand of random effects (24/48)
 U - a wand of polymorph (10/24)
 X - a wand of paralysis (17/24)
 Y - a wand of confusion (17/48)
Scrolls
 e - a scroll of fear
 g - 2 scrolls of fog
 C - a scroll of teleportation
 J - 2 scrolls of magic mapping
 N - a scroll of blinking
 P - 5 scrolls of identify
 Z - 5 scrolls of amnesia
Potions
 f - a potion of agility
 j - 2 potions of mutation
 k - 2 potions of heal wounds
 m - 2 potions of ambrosia
 v - 5 potions of cancellation
 A - 2 potions of berserk rage
 H - 2 potions of might
 K - a potion of haste
 V - 5 potions of curing
Books
 s - a book of Envenomations

   Spells                             Type                      Level
   a - Spider Form                    Transmutation/Poison         3
   b - Olgreb's Toxic Radiance        Poison                       4
   c - Alistair's Intoxication        Transmutation/Poison         5
   d - Poisonous Cloud                Conjuration/Poison/Air       6
 B - a book of Party Tricks

   Spells                             Type                      Level
   a - Summon Butterflies             Summoning                    1
   b - Apportation                    Translocation                1
   c - Tukima's Dance                 Hexes                        3
   d - Alistair's Intoxication        Transmutation/Poison         5
   e - Invisibility                   Hexes                        6
 R - a book of Air

   Spells                             Type                      Level
   a - Shock                          Conjuration/Air              1
   b - Swiftness                      Charms/Air                   2
   c - Repel Missiles                 Charms/Air                   2
   d - Static Discharge               Conjuration/Air              3
   e - Lightning Bolt                 Conjuration/Air              5
Miscellaneous
 D - a sack of spiders
Comestibles
 c - 9 bread rations
 d - 2 beef jerkies
 i - 11 meat rations
 p - 3 fruits
 z - 13 royal jellies


   Skills:
 + Level 3.9 Fighting
 + Level 2.6 Short Blades
 + Level 1.8(4.6) Maces & Flails
 + Level 2.1 Armour
 + Level 9.1(12.9) Dodging
 + Level 6.2(10.2) Stealth
 + Level 15.1 Spellcasting
 + Level 14.3(17.9) Conjurations
 + Level 0.4(1.9) Translocations
 + Level 13.4(17.0) Fire Magic
 * Level 8.2(12.2) Air Magic
 + Level 1.5(4.2) Evocations


You had 15 spell levels left.
You knew the following spells:

 Your Spells              Type           Power        Failure   Level  Hunger
a - Flame Tongue          Conj/Fire      #####        0%          1    None
b - Throw Flame           Conj/Fire      ######       0%          2    None
c - Conjure Flame         Conj/Fire      #######.     0%          3    None
d - Sticky Flame          Conj/Fire      #######.     1%          4    None
e - Fireball              Conj/Fire      #######...   1%          5    ##.....
f - Apportation           Tloc           ####......   1%          1    None
g - Shock                 Conj/Air       ####         0%          1    None
h - Static Discharge      Conj/Air       ######..     1%          3    None
i - Swiftness             Chrm/Air       #####...     1%          2    None
k - Lightning Bolt        Conj/Air       ######....   1%          5    ##.....
r - Repel Missiles        Chrm/Air       #####.       1%          2    None


Dungeon Overview and Level Annotations

Branches:
Dungeon (12/15)            Temple (1/1) D:5            Lair (6/6) D:9
 Shoals (0/4) Lair:2       Spider (0/4) Lair:2        Slime (0/5) Lair:6
    Orc (2/2) D:12            Elf (0/3) Orc:2

Altars:
Ashenzari
Cheibriados
Dithmenos
Elyvilon
Fedhas
Gozag
Hepliaklqana
Kikubaaqudgha
Makhleb
Nemelex Xobeh
Okawaru
Pakellas
Qazlal
Ru
Sif Muna
Trog
Uskayaw
Vehumet
Xom
Yredelemnul
Zin
The Shining One
Beogh
Jiyva

Shops:
D:6 *   D:9 :   Orc:2 (:[=

Annotations:
D:9 ololoev's ghost, novice DEFE
Lair:1 Gastronok
Orc:1 Amnesiac's ghost, journeyman DEEE


Innate Abilities, Weirdness & Mutations

Your muscles are strong. (Str +2)


Message History

Press: ? - help, Shift-Dir - straight line, f/p - black mamba
Aim: a black mamba (lightly wounded)
The flame tongue hits the black mamba.
The black mamba is moderately wounded.
The black mamba completely misses you.
Casting: Flame Tongue
Confirm with . or Enter, or press ? or * to list all spells.
Aiming: Sticky Flame
Press: ? - help, Shift-Dir - straight line, f/p - black mamba
Aim: a black mamba (moderately wounded)
The sticky flame hits the black mamba.
The black mamba is heavily wounded.
The black mamba is covered in liquid flames!
The black mamba burns!
The black mamba completely misses you.
The black mamba burns!
The black mamba bites you but does no damage.
The black mamba burns!
The black mamba bites you!
* * * LOW HITPOINT WARNING * * *
The black mamba burns!
The black mamba bites you!
You die...

................##....P..........
......................P#†........
..................).P............
...#.............................
.................................
.................................
..P..............................
P..#.............................
P.........P....S@................
P...<.................[..........
.................................
.#P.....!......#.#...............
...............P.........).......
.................................
....#####...........#............
.P.#######.........P.#......#....
.#.##...##................P.<....


You could see a black mamba (burning).

Vanquished Creatures
  Frances (D:12)
  Maud (D:11)
  An orc warlord (Orc:2)
  2 dire elephants (Lair:6)
  A minotaur (Lab)
  Josephine (D:11)
  A hell beast (Lair:6)
  5 hydras
  Harold (Orc:1)
  Erica (Orc:1)
  A death knight (D:12)
  5 death yaks (Lair:3)
  An orc high priest (Orc:2)
  A wizard (Lair:6)
  3 hill giants
  Pikel (D:5)
  5 orc sorcerers
  8 orc knights
  A deep elf mage (D:12)
  2 cyclopes
  A siren (Lair:2)
  8 elephants
  2 ugly things (D:12)
  An orange demon (Lair:6)
  4 black mambas
  5 rime drakes
  7 spiny frogs
  7 komodo dragons
  2 ice devils (Lair:6)
  8 trolls
  2 jumping spiders (Lair:2)
  A polar bear (Lair:6)
  A minotaur skeleton (Lab)
  2 queen bees
  2 two-headed ogres
  15 blink frogs
  A boulder beetle (Lair:6)
  A redback (Lair:2)
  A shadow (D:12)
  9 wraiths
  40 yaks
  A vampire (D:11)
  5 wyverns
  Eustachio (D:4)
  4 hungry ghosts
  Grum (D:10)
  A fire elemental (D:11)
  4 basilisks
  A steam dragon (Lair:6)
  5 hippogriffs
  5 wargs
  Edmund (D:6)
  A soldier ant (D:12)
  A hell hound (Lair:6)
  9 water moccasins
  12 porcupines
  5 ice beasts
  5 sky beasts
  33 orc warriors
  4 phantoms
  A necrophage (D:6)
  2 wasps
  A slave (D:5)
  7 ogres
  10 centaurs
  14 wolves
  14 crocodiles
  9 giant frogs
  4 big kobolds
  5 scorpions
  50 killer bees
  31 wights
  3 howler monkeys
  4 crimson imps
  8 lava snakes
  2 giant frog zombies
  6 human zombies (D:8)
  9 hounds
  20 orc wizards
  2 quasits (D:9)
  25 orc priests
  3 jellies
  2 giant frog skeletons
  A centaur skeleton (D:7)
  5 iguanas
  A worker ant (D:12)
  A killer bee zombie (D:8)
  17 sheep
  2 hound skeletons
  2 mummies (D:8)
  A worker ant zombie (D:6)
  2 howler monkey skeletons
  13 adders
  4 gnolls (D:5)
  45 river rats
  4 shadow imps
  An ooze (D:7)
  2 adder zombies
  3 adder skeletons (D:6)
  6 worms
  A dart slug (D:2)
  10 giant geckos
  97 orcs
  A ball python (D:3)
  5 giant cockroaches
  5 goblins
  7 hobgoblins
  21 jackals
  2 quokkas
  5 bats
  8 giant newts
  25 kobolds
  15 rats
  2 plants (Lair:6)
808 creatures vanquished.

Vanquished Creatures (others)
  A slave (D:5)
  A crimson imp (D:5)
  A worker ant (D:5)
  A sheep (Lair:6)
  An adder (D:5)
  An orc (D:9)
  A quokka (D:9)
  10 fungi
  6 plants
23 creatures vanquished.

Grand Total: 831 creatures vanquished

Notes
Turn   | Place    | Note
--------------------------------------------------------------
     0 | D:1      | nubinia the High Elf Fire Elementalist began the quest for the Orb.
     0 | D:1      | Reached XP level 1. HP: 11/11 MP: 4/4
   679 | D:1      | Reached XP level 2. HP: 17/17 MP: 4/6
   683 | D:1      | Learned a level 2 spell: Throw Flame
  1141 | D:2      | Found a shadowy altar of Dithmenos.
  1262 | D:2      | Reached XP level 3. HP: 21/21 MP: 8/8
  1267 | D:2      | Learned a level 3 spell: Conjure Flame
  2123 | D:2      | Reached skill level 3 in Spellcasting
  2214 | D:2      | Noticed a moth of wrath
  2216 | D:2      | Found a bloodstained altar of Trog.
  2233 | D:2      | Reached XP level 4. HP: 27/27 MP: 6/9
  3154 | D:3      | Found a glowing drain.
  3230 | Sewer    | Entered a sewer
  3349 | Sewer    | Noticed a big kobold
  3372 | Sewer    | Killed a big kobold
  3372 | Sewer    | Reached skill level 4 in Spellcasting
  3372 | Sewer    | Reached XP level 5. HP: 27/31 MP: 5/12
  3499 | Sewer    | Found a white marble altar of Elyvilon.
  3688 | D:3      | Found a faded altar of an unknown god.
  3698 | D:3      | Reached skill level 1 in Short Blades
  4269 | D:3      | Learned a level 4 spell: Sticky Flame
  4396 | D:4      | Found a shattered altar of Ashenzari.
  4423 | D:4      | Became a worshipper of Ashenzari the Shackled
  4438 | D:4      | Noticed Eustachio
  4603 | D:4      | Killed Eustachio
  4603 | D:4      | Reached XP level 6. HP: 20/37 MP: 13/13
  5003 | D:4      | Found a radiant altar of Vehumet.
  5161 | D:4      | Reached skill level 1 in Fighting
  5582 | D:5      | Entered Level 5 of the Dungeon
  5624 | D:5      | Found a staircase to the Ecumenical Temple.
  5630 | Temple   | Entered the Ecumenical Temple
  5852 | D:5      | Found a glowing golden altar of the Shining One.
  5894 | D:5      | Reached XP level 7. HP: 43/43 MP: 10/15
  6038 | D:5      | Reached skill level 5 in Spellcasting
  6038 | D:5      | Reached skill level 5 in Fire Magic
  6317 | D:5      | Noticed Pikel
  6329 | D:5      | Killed Pikel
  6329 | D:5      | Reached skill level 1 in Armour
  6329 | D:5      | Reached skill level 6 in Spellcasting
  6329 | D:5      | Reached XP level 8. HP: 42/48 MP: 14/18
  6497 | D:5      | Reached skill level 5 in Conjurations
  6677 | D:5      | Found an opulent altar of Gozag.
  6828 | D:5      | Reached * piety under Ashenzari
  6988 | D:6      | Found a hide-covered altar of Uskayaw.
  7076 | D:6      | Found a basalt altar of Yredelemnul.
  7098 | D:6      | Found Neablorr's Assorted Antiques.
  7106 | D:6      | Bought a scroll of identify for 48 gold pieces
  7106 | D:6      | Bought a glowing black potion for 21 gold pieces
  7284 | D:6      | Noticed Edmund
  7297 | D:6      | Reached skill level 7 in Spellcasting
  7481 | D:6      | Found a sacrificial altar of Ru.
  7758 | D:6      | Found an ancient bone altar of Kikubaaqudgha.
  8154 | D:6      | Reached XP level 9. HP: 37/53 MP: 8/21
  8297 | D:6      | Noticed a hill giant
  8320 | D:6      | Killed a hill giant
  8320 | D:6      | Reached skill level 8 in Spellcasting
  8428 | D:6      | Found an oddly glowing altar of Pakellas.
  8547 | D:6      | Killed Edmund
  9576 | D:7      | Identified the cursed +1 trident "Sahann" {freeze, rF+ rC+}
  9714 | D:7      | Reached skill level 9 in Spellcasting
 10071 | D:7      | Learned a level 5 spell: Fireball
 10481 | D:8      | Found a blossoming altar of Fedhas.
 10583 | D:7      | Reached XP level 10. HP: 55/58 MP: 24/24
 11454 | D:8      | Found an ancient bone altar of Kikubaaqudgha.
 12515 | D:8      | Reached skill level 10 in Spellcasting
 13142 | D:8      | Found a snail-covered altar of Cheibriados.
 13475 | D:9      | Noticed ololoev's ghost (novice DEFE)
 13486 | D:9      | Identified the +1 ring mail "Nucyr" {Int+6 Dex+4}
 13515 | D:9      | Found a staircase to the Lair.
 13521 | Lair:1   | Entered Level 1 of the Lair of Beasts
 13530 | Lair:1   | Found a labyrinth entrance.
 13546 | Lab      | Entered a labyrinth
 13789 | Lab      | Identified a scroll of acquirement
 13966 | Lab      | Noticed a minotaur
 13972 | Lab      | Killed a minotaur
 13972 | Lab      | Identified the +1 leather armour "Tiopo" {rN+ MR+ rCorr} (You took it off a minotaur in a labyrinth)
 13972 | Lab      | Reached skill level 5 in Dodging
 13972 | Lab      | Reached XP level 11. HP: 63/63 MP: 26/26
 13984 | Lab      | Identified the +1 morningstar of the Cup {elec, rPois SInv Stlth+} (You found it in a labyrinth)
 14012 | Lair:1   | Noticed Gastronok
 14034 | Lair:1   | Reached ** piety under Ashenzari
 14041 | Lair:1   | Identified the cursed +0 pair of gloves "Eletorif" {*Confuse rF+ Dex+5} (You found it on level 1 of the Lair of Beasts)
 14182 | Lair:1   | Noticed a seven-headed hydra
 14650 | Lair:2   | Learned a level 1 spell: Apportation
 14654 | Lair:2   | Reached skill level 1 in Evocations
 14718 | Lair:2   | Reached skill level 11 in Spellcasting
 14964 | Lair:2   | Identified the +1 war axe "Byurok" {freeze, *Rage rElec Str+4}
 15089 | Lair:2   | Reached *** piety under Ashenzari
 15096 | Lair:2   | Identified the ring "Becixev" {rN+ Str+2 Int+2 Dex+2 Stlth+}
 15134 | Lair:2   | Found a hole to the Spider Nest.
 15147 | Lair:2   | Reached skill level 10 in Fire Magic
 15148 | Lair:2   | Reached skill level 10 in Conjurations
 15835 | Lair:2   | Found a staircase to the Shoals.
 16690 | Lair:3   | Reached skill level 12 in Spellcasting
 16919 | Lair:3   | Noticed a death yak
 16940 | Lair:3   | Reached skill level 5 in Stealth
 16945 | Lair:3   | Reached XP level 12. HP: 62/69 MP: 26/29
 17033 | Lair:3   | Noticed a death yak
 17035 | Lair:3   | Noticed a death yak
 17050 | Lair:3   | Killed a death yak
 17579 | Lair:3   | Noticed a death yak
 17582 | Lair:3   | Noticed a death yak
 17584 | Lair:3   | Noticed a death yak
 17585 | Lair:3   | Killed a death yak
 17588 | Lair:3   | Killed a death yak
 17588 | Lair:3   | Killed a death yak
 17590 | Lair:3   | Killed a death yak
 18040 | Lair:4   | Identified the +7 mace "Resufrih" {elec, *Confuse rElec rPois rF+}
 18539 | Lair:4   | Identified the cursed +0 leather armour of the Shining Light {rC+}
 19009 | Lair:4   | Reached skill level 13 in Spellcasting
 19108 | Lair:4   | Reached **** piety under Ashenzari
 19534 | Lair:5   | Noticed a seven-headed hydra
 19541 | Lair:5   | Killed a seven-headed hydra
 19567 | Lair:5   | Reached XP level 13. HP: 76/76 MP: 7/31
 20162 | Lair:6   | Entered Level 6 of the Lair of Beasts
 20609 | D:9      | Found an iron altar of Okawaru.
 20791 | D:9      | Found a sparkling altar of Nemelex Xobeh.
 20918 | D:9      | Found Dufi's Book Emporium.
 20924 | D:9      | Bought a book of Air for 525 gold pieces
 20926 | D:9      | Learned a level 1 spell: Shock
 20930 | D:9      | Learned a level 3 spell: Static Discharge
 20933 | D:9      | Learned a level 2 spell: Swiftness
 20936 | D:9      | Learned a level 2 spell: Repel Missiles
 20942 | D:9      | Learned a level 5 spell: Lightning Bolt
 20978 | D:9      | Found a white marble altar of Elyvilon.
 21109 | D:9      | Found a stormy altar of Qazlal.
 21254 | D:10     | Entered Level 10 of the Dungeon
 21488 | D:10     | Reached skill level 1 in Air Magic
 21551 | D:10     | Identified the +1 leather armour of Context {rPois}
 21566 | D:10     | Reached ***** piety under Ashenzari
 21988 | D:11     | Noticed Grum
 22059 | D:11     | Noticed Maud
 22075 | D:10     | Killed Grum
 22164 | D:11     | Killed Maud
 22322 | D:11     | Noticed Josephine
 22399 | D:11     | Killed Josephine
 22648 | D:11     | Reached skill level 1 in Maces & Flails
 22815 | D:11     | Identified the ring of Mothifyi {rPois rF+ rC+}
 23311 | D:11     | Gained mutation: You have large cloven feet. [potion of mutation]
 23311 | D:11     | Gained mutation: You are dopey. (Int -2) [potion of mutation]
 23311 | D:11     | Gained mutation: You are clumsy. (Dex -2) [potion of mutation]
 23312 | D:11     | Lost mutation: You are clumsy. (Dex -2) [potion of cure mutation]
 23312 | D:11     | Lost mutation: You are dopey. (Int -2) [potion of cure mutation]
 23312 | D:11     | Lost mutation: You have large cloven feet. [potion of cure mutation]
 23501 | D:12     | Noticed Frances
 23513 | D:12     | Killed Frances
 23734 | D:12     | Identified the +10 spear of Tatac {flame, Int+6} (You took it off an orc priest on level 12 of the Dungeon)
 23970 | D:12     | Reached skill level 5 in Air Magic
 24242 | D:12     | Found a roughly hewn altar of Beogh.
 24242 | D:12     | Found a staircase to the Orcish Mines.
 24419 | D:12     | Reached skill level 14 in Spellcasting
 24697 | Orc:1    | Entered Level 1 of the Orcish Mines
 24697 | Orc:1    | Noticed Harold
 25828 | D:11     | Reached XP level 14. HP: 81/83 MP: 32/33
 26271 | Orc:1    | Killed Harold
 26445 | Orc:1    | Noticed Amnesiac's ghost (journeyman DEEE)
 26631 | Orc:2    | Entered Level 2 of the Orcish Mines
 27308 | Orc:2    | Noticed an orc warlord
 27327 | Orc:2    | Killed an orc warlord
 28039 | Orc:2    | Found a roughly hewn altar of Beogh.
 28953 | Orc:2    | Found Ceraf's Antique Armour Shop.
 28964 | Orc:2    | Found Siasa's Antique Weapon Shop.
 29054 | Orc:2    | Bought a pair of runed boots for 162 gold pieces
 29174 | Orc:2    | Found Hatiopp's Jewellery Shop.
 29460 | Orc:2    | Found a staircase to the Elven Halls.
 29550 | Orc:2    | Found Eteuhol's Book Shop.
 29953 | Orc:2    | Found a bloodstained altar of Trog.
 30050 | Orc:2    | Found Hennubov's General Store.
 30331 | Orc:1    | Noticed Erica
 30335 | Orc:1    | Killed Erica
 31490 | Lair:6   | Found a viscous altar of Jiyva.
 31490 | Lair:6   | Found a staircase to the Slime Pits.
 31673 | Lair:6   | Reached skill level 15 in Spellcasting
 32300 | Lair:6   | Gained mutation: Your muscles are strong. (Str +2) [potion of beneficial mutation]
 32735 | Lair:6   | Found a burning altar of Makhleb.
 32797 | Lair:6   | Reached XP level 15. HP: 90/90 MP: 33/35
 32864 | Lair:6   | Slain by a black mamba

Vault maps used:
D:1:      minmay_arrival_shattered_statue, minivault_14
D:2:      tgw_trog, nicolae_dithmenos_shadow_blocks, first_bread
D:3:      kennysheep_big_flooded_room, ecumenical_altar_2,
          gup_sewer_entry_spiral
D:4:      marbit_many_paths, vehumet_altar_wand_db, uniq_eustachio
D:5:      old_standard_altar, nicolae_gozag_seed_capital,
          minmay_temple_entry_hall, uniq_pikel
D:6:      nicolae_ru_sacrificial_ziggurat, nicolae_overflow_crystal_walls,
          lemuel_crystal_altar, kennysheep_little_box, kennysheep_mini,
          serial_shops, shop_statue, uniq_edmund
D:7:      roderic_bipointed_swastika, minmay_hedge_maze
D:8:      old_standard_altar, slow_altar_2, david_nohive_1,
          lemuel_mausoleum_altar_kikubaaqudgha
D:9:      nemelex_xobeh_ov_fountains_minmay, elyvilon_altar_4,
          nicolae_qazlal_eye_of_the_storm, old_standard_altar, lair_0_dummy,
          serial_shops, nicolae_shop_trees
D:10:     hangedman_decor_diamond_cutter, minmay_misc_feat_diagonals,
          minivault_12
D:11:     kennysheep_boxes, uniq_maud, uniq_grum, uniq_josephine
D:12:     david_orc_5, uniq_frances
Temple:   nicolae_temple_hex_pool_5
Lair:1:   lab_entry_generic, serial_bayou_shore_b, grunt_megastairs_5,
          uniq_gastronok
Lair:2:   minmay_shoals_entry_lonely_mermaid, spider_nest_entry_funnel_web,
          special_room, infiniplex_staircase_pool
Lair:3:   beast_lair_carwin_8
Lair:5:   small_statue_intersection, serial_bayou_shore_b
Lair:6:   evil_forest, dpeg_slime_entry_enclosed_altar
Orc:1:    uniq_harold, uniq_erica
Orc:2:    grunt_orc_cross, basic_altar, serial_shops, shop
Lab:      labyrinth_watery, nicolae_lab_starburst, nicolae_lab_grate_2,
          labyrinth_skeletal_remains, labyrinth_lava_lair, nicolae_lab_garden,
          nicolae_lab_statue, nicolae_lab_blocks, nicolae_lab_big_swirl
Sewer:    sewer_kobolds

Skill      XL: |  1  2  3  4  5  6  7  8  9 10 11 12 13 14 |
---------------+-------------------------------------------+-----
Spellcasting   | 3 4 6 7 9 10 12 13 14 15 | 15.1
Conjurations   | 2 3 4 5 7 9 11 12 13 14 | 14.3
Fire Magic     | 4 5 6 8 9 10 11 12 13 | 13.4
Short Blades   | 1 2 |  2.6
Stealth        | 3 4 5 6 |  6.2
Dodging        | 3 4 5 7 8 9 |  9.1
Fighting       | 1 2 3 |  3.9
Armour         | 1 2 |  2.1
Evocations     | 1 |  1.5
Air Magic      | 5 8 |  8.2
Maces & Flails | 1 |  1.8
Translocations | |  0.4

Action                   |  1- 3 |  4- 6 |  7- 9 | 10-12 | 13-15 || total
-------------------------+-------+-------+-------+-------+-------++-------
Melee: Short sword       |    24 |    20 |    25 |    67 |       ||   136
       Mace              |       |       |       |    27 |   253 ||   280
 Cast: Flame Tongue      |    55 |    57 |   201 |   585 |   479 ||  1377
       Throw Flame       |    16 |    72 |   109 |   131 |   288 ||   616
       Sticky Flame      |       |     1 |     9 |    58 |   119 ||   187
       Conjure Flame     |       |       |    12 |    37 |    19 ||    68
       Fireball          |       |       |     2 |    27 |   109 ||   138
       Shock             |       |       |       |       |    37 ||    37
       Static Discharge  |       |       |       |       |    10 ||    10
       Lightning Bolt    |       |       |       |       |     3 ||     3
       Repel Missiles    |       |       |       |       |     3 ||     3
       Swiftness         |       |       |       |       |     2 ||     2
Invok: Curse Item        |       |     1 |       |     4 |     2 ||     7
Evoke: Wand              |       |       |       |     7 |    12 ||    19
  Use: Scroll            |     4 |     7 |     5 |    15 |    13 ||    44
       Potion            |       |     3 |       |     3 |     3 ||     9
 Stab: Sleeping          |     5 |     3 |       |    17 |     3 ||    28
       Distracted        |       |       |       |       |     1 ||     1
  Eat: Chunk             |     5 |    13 |    12 |    26 |    48 ||   104
       Royal jelly       |       |       |     1 |       |       ||     1
       Fruit             |       |       |       |     2 |       ||     2
       Pizza             |       |       |       |     2 |       ||     2
       Beef jerky        |       |       |       |     1 |     1 ||     2
Armor: Robe              |     7 |    13 |       |       |       ||    20
       Leather armour    |       |     3 |     2 |       |       ||     5
       Animal skin       |       |       |     3 |    31 |    47 ||    81
Dodge: Dodged            |    19 |    67 |    57 |   330 |   528 ||  1001
       Deflected         |       |       |       |       |    15 ||    15
